[Event "79th ITA-ch 2019"]
[Site "Padova"]
[Date "2019.12.03"]
[Round "10.3"]
[White "Gilevych, Artem"]
[Black "Brunello, Marina"]
[Result "1-0"]
[ECO "D45"]
[WhiteElo "2437"]
[BlackElo "2378"]
[Annotator "ChessBase"]
[PlyCount "93"]
[EventDate "2019.11.24"]
[EventType "tourn"]
[EventCountry "ITA"]
[SourceTitle "playchess.com"]
[Source "ChessBase"]
[SourceQuality "1"]
[TimeControl "40/6600+30:20/3000+30:900+30"]

1. d4 d5 2. c4 c6 3. Nf3 Nf6 4. Nc3 e6 5. e3 Nbd7 6. Qc2 Bd6 7. Bd3 O-O 8. O-O h6 9. Rd1 Qe7 10. c5 Bb8 11. e4 e5 12. exd5 Nxd5 13. a3 exd4 14. Nxd5 cxd5 15. b4 Ne5 16. Nxd4 Bg4 17. Re1 Qh4 18. g3 Qh5 19. Bf1 Bc7 20. Bb2 Rad8 21. Qc3 Bf3 22. Be2 Bxe2 23. Rxe2 Nc4 24. f4 Nxb2 25. Qxb2 Qg6 26. Qb1 Qg4 27. Qf5 Qxf5 28. Nxf5 Rd7 29. Rd1 Rfd8 30. Red2 Kf8 31. Rd4 Bb8 32. Kg2 f6 33. Kf3 h5 34. Ne3 Kf7 35. Rxd5 Rxd5 36. Rxd5 Rxd5 37. Nxd5 Ke6 38. Ke4 g5 39. a4 f5+ 40. Kd4 g4 41. b5 Kd7 42. Nf6+ Ke7 43. Nxh5 Kf7 44. Kd5 Bc7 45. c6 bxc6+ 46. bxc6 a6 47. Ng7 1-0

[Event "79th ITA-ch 2019"]
[Site "Padova"]
[Date "2019.12.03"]
[Round "10.4"]
[White "Valsecchi, Alessio"]
[Black "Stella, Andrea"]
[Result "1-0"]
[ECO "C11"]
[WhiteElo "2504"]
[BlackElo "2475"]
[Annotator "ChessBase"]
[PlyCount "41"]
[EventDate "2019.11.24"]
[EventType "tourn"]
[EventCountry "ITA"]
[SourceTitle "playchess.com"]
[Source "ChessBase"]
[SourceQuality "1"]
[TimeControl "40/6600+30:20/3000+30:900+30"]

1. e4 e6 2. d4 d5 3. Nc3 Nf6 4. e5 Nfd7 5. f4 c5 6. Nf3 Nc6 7. Be3 Be7 8. a3 a6 9. dxc5 Nxc5 10. Be2 O-O 11. b4 Nd7 12. O-O f6 13. Nd4 Nxd4 14. Bxd4 fxe5 15. fxe5 Qc7 16. Qd3 Nxe5 17. Qg3 Rxf1+ 18. Rxf1 Bd6 19. Kh1 Nc6 20. Bc5 e5 21. Nxd5 1-0

[Event "79th ITA-ch 2019"]
[Site "Padova"]
[Date "2019.12.03"]
[Round "10.5"]
[White "Moroni, Luca Jr"]
[Black "Bellia, Fabrizio"]
[Result "1-0"]
[ECO "E21"]
[WhiteElo "2541"]
[BlackElo "2433"]
[Annotator "ChessBase"]
[PlyCount "201"]
[EventDate "2019.11.24"]
[EventType "tourn"]
[EventCountry "ITA"]
[SourceTitle "playchess.com"]
[Source "ChessBase"]
[SourceQuality "1"]
[TimeControl "40/6600+30:20/3000+30:900+30"]

1. d4 Nf6 2. c4 e6 3. Nc3 Bb4 4. Nf3 b6 5. e3 O-O 6. Bd3 d5 7. O-O Bb7 8. cxd5 exd5 9. Ne5 Nbd7 10. f4 c5 11. a3 Bxc3 12. bxc3 Ne4 13. Bb2 Nxe5 14. fxe5 Qg5 15. Rf4 Rad8 16. Qe2 f6 17. Bxe4 dxe4 18. Raf1 f5 19. a4 Qg6 20. c4 Ba6 21. Rc1 Qc6 22. Qc2 cxd4 23. exd4 Rc8 24. Ba3 Qh6 25. Qf2 e3 26. Qxe3 Rfe8 27. Qf2 Bxc4 28. Rxf5 Qe6 29. h3 h6 30. Rc3 Bd5 31. Rg3 Kh7 32. Bd6 Rg8 33. Kh2 Rc4 34. Rf4 Kh8 35. Qd2 Qd7 36. a5 bxa5 37. Qxa5 Qb7 38. Rf8 Rc8 39. Rxc8 Rxc8 40. Bc5 Rc7 41. Qe1 Qc6 42. Bd6 Rb7 43. Qd2 Rb3 44. Rg4 Rb7 45. Qd3 Be6 46. Rh4 Qd5 47. Qg6 Rf7 48. Ba3 Rf1 49. Be7 Bf7 50. Qg3 Qb3 51. Qxb3 Bxb3 52. Re4 Be6 53. Re2 Rd1 54. Bc5 a5 55. Rb2 Kg8 56. Rb8+ Kf7 57. Rf8+ Kg6 58. Re8 Bf7 59. Re7 Bd5 60. Rd7 Be6 61. Ra7 Rd2 62. Kg1 Bd5 63. Rd7 Be6 64. Rd6 Kf7 65. g4 a4 66. Ra6 Bb3 67. Ra7+ Kg8 68. h4 g5 69. h5 Be6 70. Rxa4 Bxg4 71. Ra6 Kg7 72. Ra7+ Kg8 73. Ra6 Kg7 74. e6 Bxh5 75. Ra8 g4 76. e7 Re2 77. d5 g3 78. d6 Rd2 79. Bb4 Rd3 80. e8=Q Bxe8 81. Rxe8 h5 82. Re4 Kg6 83. Kg2 Kg5 84. Kh3 Kf5 85. Rh4 Kg5 86. Rc4 Kf5 87. Rc5+ Kg6 88. Rc3 Rd4 89. Rxg3+ Kf5 90. Bc5 Rd5 91. Kh4 Ke6 92. Rg6+ Kd7 93. Rg5 Rd3 94. Re5 Kc6 95. Kxh5 Rd1 96. Kg6 Rd2 97. Kf7 Rd1 98. Ke8 Rd2 99. Bb4 Rd4 100. Ba3 Rd3 101. d7 1-0

[Event "79th ITA-ch 2019"]
[Site "Padova"]
[Date "2019.12.03"]
[Round "10.6"]
[White "Di Benedetto, Edoardo"]
[Black "Barp, Alberto"]
[Result "1-0"]
[ECO "E48"]
[WhiteElo "2396"]
[BlackElo "2382"]
[Annotator "ChessBase"]
[PlyCount "105"]
[EventDate "2019.11.24"]
[EventType "tourn"]
[EventCountry "ITA"]
[SourceTitle "playchess.com"]
[Source "ChessBase"]
[SourceQuality "1"]
[TimeControl "40/6600+30:20/3000+30:900+30"]

1. d4 Nf6 2. c4 e6 3. Nc3 Bb4 4. e3 O-O 5. Bd3 d5 6. cxd5 exd5 7. Nge2 Re8 8. O-O Bd6 9. Nf4 c6 10. f3 b6 11. Bc2 Ba6 12. Re1 Nbd7 13. g3 Rc8 14. Bd2 Bb7 15. e4 dxe4 16. Nxe4 Be7 17. Bc3 Nd5 18. Nxd5 cxd5 19. Nf2 g6 20. Qd3 Qc7 21. Ng4 Bf8 22. f4 Bg7 23. Ne5 Nf6 24. Ba4 Red8 25. Bb4 Ne4 26. Qe3 b5 27. Rac1 Qb6 28. Bb3 a5 29. Bc5 Qf6 30. a3 a4 31. Ba2 h5 32. Bb4 Qf5 33. Bb1 f6 34. Nf3 Kh7 35. Bd3 Qd7 36. Qe2 Bc6 37. Nh4 Qg4 38. Qg2 Bd7 39. Be2 Qe6 40. f5 Qb6 41. fxg6+ Kg8 42. Bc5 Nxc5 43. dxc5 Rxc5 44. Qf2 Bf8 45. Kg2 Qc6 46. Rxc5 Bxc5 47. Qf4 Re8 48. Qh6 Re7 49. Bf3 Bh3+ 50. Kxh3 Qd7+ 51. g4 Rxe1 52. Bxd5+ Qxd5 53. Qh7+ 1-0

[Event "79th ITA-ch 2019"]
[Site "Padova"]
[Date "2019.12.05"]
[Round "11"]
[White "Basso, Pier Luigi"]
[Black "Brunello, Sabino"]
[Result "1-0"]
[ECO "D15"]
[WhiteElo "2563"]
[BlackElo "2549"]
[Annotator "ChessBase"]
[PlyCount "49"]
[EventDate "2019.11.24"]
[EventType "tourn"]
[EventCountry "ITA"]
[SourceTitle "playchess.com"]
[Source "ChessBase"]
[SourceQuality "1"]
[TimeControl "40/6600+30:20/3000+30:900+30"]

1. d4 d5 2. c4 c6 3. Nf3 Nf6 4. Nc3 dxc4 5. e4 b5 6. Be2 b4 7. Na4 Nxe4 8. Bxc4 Nd6 9. Bb3 e6 10. O-O Be7 11. Qc2 O-O 12. Rd1 Qa5 13. Ne5 Nf5 14. Bf4 Rd8 15. Qe4 g6 16. Rac1 Qb5 17. Nc5 Na6 18. Nxc6 Nxc5 19. Nxe7+ Nxe7 20. Qxa8 Nxb3 21. axb3 Qd5 22. Qxa7 Bb7 23. f3 Kg7 24. Qc5 Nf5 25. Be5+ 1-0

[Event "79th ITA-ch 2019"]
[Site "Padova"]
[Date "2019.12.05"]
[Round "11"]
[White "Valsecchi, Alessio"]
[Black "David, Alberto"]
[Result "0-1"]
[ECO "B13"]
[WhiteElo "2504"]
[BlackElo "2542"]
[Annotator "ChessBase"]
[PlyCount "76"]
[EventDate "2019.11.24"]
[EventType "tourn"]
[EventCountry "ITA"]
[SourceTitle "playchess.com"]
[Source "ChessBase"]
[SourceQuality "1"]
[TimeControl "40/6600+30:20/3000+30:900+30"]

1. e4 c6 2. d4 d5 3. exd5 cxd5 4. Bd3 Nc6 5. c3 Qc7 6. Na3 a6 7. Nc2 e6 8. Nf3 Bd6 9. O-O h6 10. Re1 Nf6 11. Qe2 b6 12. b3 Bb7 13. Bb2 O-O 14. Rac1 b5 15. Ne5 Rfe8 16. Nb4 Qb6 17. Nbxc6 Bxc6 18. h4 Bb7 19. Bb1 Rac8 20. Qd3 Ne4 21. f3 Bxe5 22. fxe4 dxe4 23. Rxe4 Bd6 24. Re2 f5 25. Rf1 Bd5 26. Qh3 h5 27. Qe3 Qd8 28. g3 Qf6 29. Qd3 Qg6 30. Re3 Qg4 31. Rf2 g5 32. Kf1 gxh4 33. gxh4 Re7 34. Qe2 Rg7 35. Qxg4 hxg4 36. Bc1 g3 37. Rg2 f4 38. Rd3 f3 0-1

[Event "79th ITA-ch 2019"]
[Site "Padova"]
[Date "2019.12.05"]
[Round "11"]
[White "Gilevych, Artem"]
[Black "Lodici, Lorenzo"]
[Result "0-1"]
[ECO "A45"]
[WhiteElo "2437"]
[BlackElo "2459"]
[Annotator "ChessBase"]
[PlyCount "116"]
[EventDate "2019.11.24"]
[EventType "tourn"]
[EventCountry "ITA"]
[SourceTitle "playchess.com"]
[Source "ChessBase"]
[SourceQuality "1"]
[TimeControl "40/6600+30:20/3000+30:900+30"]

1. d4 Nf6 2. Bf4 d5 3. Nc3 a6 4. e3 b5 5. a3 e6 6. Nf3 Bb7 7. Ne5 c5 8. Bd3 Nc6 9. O-O c4 10. Be2 Nxe5 11. Bxe5 Be7 12. b4 O-O 13. Bg3 Qd7 14. f3 a5 15. Rb1 axb4 16. axb4 Ra3 17. Qd2 Bc6 18. Nd1 Nh5 19. Be1 f5 20. c3 g5 21. Nf2 Nf6 22. Nh3 h6 23. Bg3 Rfa8 24. Bd1 Qb7 25. Bc2 Be8 26. Be5 Nd7 27. Bg3 Bg6 28. Rb2 Qc6 29. Rc1 Bf6 30. f4 Bh5 31. Nf2 Nb6 32. h3 Na4 33. Bxa4 bxa4 34. fxg5 hxg5 35. Be5 Be7 36. g4 Bg6 37. gxf5 exf5 38. h4 Kf7 39. hxg5 Rg8 40. Nh3 Bh5 41. Qe1 Bf3 42. Qh4 Qg6 43. Kh2 Bxg5 44. Nxg5+ Qxg5 45. Qh7+ Ke6 46. Bf4 Qg7 47. Qxg7 Rxg7 48. b5 Be4 49. Be5 Rb3 50. Ra2 Rg6 51. Bf4 Rg8 52. Be5 a3 53. Rca1 f4 54. exf4 Rxb5 55. f5+ Bxf5 56. Rf2 Rb7 57. Bg3 Rh7+ 58. Kg2 Be4+ 0-1

[Event "79th ITA-ch 2019"]
[Site "Padova"]
[Date "2019.12.05"]
[Round "11"]
[White "Barp, Alberto"]
[Black "Bellia, Fabrizio"]
[Result "0-1"]
[ECO "E15"]
[WhiteElo "2382"]
[BlackElo "2433"]
[Annotator "NA"]
[PlyCount "74"]
[EventDate "2019.11.24"]
[EventType "tourn"]
[EventCountry "ITA"]
[SourceTitle "playchess.com"]
[Source "ChessBase"]
[SourceQuality "1"]
[TimeControl "40/6600+30:20/3000+30:900+30"]

1. d4 Nf6 2. c4 e6 3. Nf3 b6 4. g3 Ba6 5. b3 Bb4+ 6. Bd2 Be7 7. Nc3 O-O 8. Qc2 {E15: Queen's Indian: 4 g3 sidelines, 4 g3 Ba6 and 4 g3 Bb7 early deviations} d5 9. cxd5 exd5 10. Bg2 c5 11. dxc5 bxc5 12. Ng5 $146 ({Predecessor:} 12. Ne5 Bb7 13. O-O Qc7 14. Nd3 Nc6 15. Rac1 Nd4 {½-½ (48) Rupsys,R (2366)-Schreiber,E (2530) ICCF email 2003}) 12... g6 13. Nh3 Nc6 14. O-O Nb4 15. Qd1 d4 16. Na4 Nbd5 17. Rc1 Rc8 18. Re1 Re8 19. Bg5 $15 Bb5 20. Qd2 Qd7 21. Nb2 Bf8 22. Bxf6 Nxf6 23. Nd3 Ne4 24. Qc2 Nc3 25. Nhf4 g5 26. Nh5 Qe6 27. e4 Qg6 28. g4 Kh8 29. Ng3 Nxa2 30. Qxa2 Bxd3 31. Qxa7 Qe6 32. e5 Qxb3 33. Nf5 Qe6 34. Ra1 Bxf5 35. Ra6 Re7 36. Bb7 Rxb7 37. Qxb7 Qd7 0-1

[Event "79th ITA-ch 2019"]
[Site "Padova"]
[Date "2019.12.05"]
[Round "12"]
[White "Moroni, Luca Jr"]
[Black "Lodici, Lorenzo"]
[Result "0-1"]
[ECO "C71"]
[WhiteElo "2541"]
[BlackElo "2459"]
[Annotator "ChessBase"]
[PlyCount "136"]
[EventDate "2019.11.24"]
[EventType "tourn"]
[EventCountry "ITA"]
[SourceTitle "playchess.com"]
[Source "ChessBase"]
[SourceQuality "1"]
[TimeControl "40/6600+30:20/3000+30:900+30"]

1. e4 e5 2. Nf3 Nc6 3. Bb5 a6 4. Ba4 d6 5. d4 b5 6. Bb3 Nxd4 7. Nxd4 exd4 8. Bd5 Rb8 9. Bc6+ Bd7 10. Bxd7+ Qxd7 11. Qxd4 Nf6 12. O-O Be7 13. Nc3 O-O 14. Qd3 Rfe8 15. f3 b4 16. Ne2 d5 17. e5 Bc5+ 18. Be3 Qb5 19. Bxc5 Qxc5+ 20. Qd4 Qxc2 21. Ng3 Nd7 22. Rac1 Qg6 23. f4 c6 24. f5 Qg5 25. h4 Qxg3 26. e6 fxe6 27. Rxc6 Qe5 28. Qa7 Nf6 29. fxe6 Ng4 30. Qf7+ Kh8 31. Qf4 Qxf4 32. Rxf4 Nf6 33. Rxa6 Kg8 34. g4 Re7 35. Rd4 Ne8 36. Ra4 Rxe6 37. Raxb4 Rxb4 38. Rxb4 Kf7 39. a4 Re4 40. Rb7+ Ke6 41. a5 Rxg4+ 42. Kf2 Nd6 43. Rb8 Kd7 44. a6 Ra4 45. Rg8 Rxa6 46. Rxg7+ Ke6 47. Rxh7 Rb6 48. Ke3 Rxb2 49. h5 Nf5+ 50. Kf4 Rf2+ 51. Kg4 Rg2+ 52. Kf3 Rh2 53. Rh8 Rh4 54. Re8+ Kf6 55. Rf8+ Ke5 56. Re8+ Kd4 57. Rh8 Kc3 58. Ke2 Rh3 59. Kf2 d4 60. Kg2 Rh4 61. Kf3 Kd3 62. Rh7 Kd2 63. Rh8 d3 64. Kf2 Rf4+ 65. Kg2 Ke2 66. Re8+ Ne3+ 67. Kg3 Rf3+ 68. Kh4 d2 0-1

[Event "79th ITA-ch 2019"]
[Site "Padova"]
[Date "2019.12.05"]
[Round "13"]
[White "Lodici, Lorenzo"]
[Black "Moroni, Luca Jr"]
[Result "0-1"]
[ECO "E68"]
[WhiteElo "2459"]
[BlackElo "2541"]
[Annotator "ChessBase"]
[PlyCount "66"]
[EventDate "2019.11.24"]
[EventType "tourn"]
[EventCountry "ITA"]
[SourceTitle "playchess.com"]
[Source "ChessBase"]
[SourceQuality "1"]
[TimeControl "40/6600+30:20/3000+30:900+30"]

1. d4 Nf6 2. c4 g6 3. g3 Bg7 4. Bg2 O-O 5. Nc3 d6 6. Nf3 Nbd7 7. O-O e5 8. e4 Re8 9. h3 exd4 10. Nxd4 Nc5 11. Re1 Bd7 12. Bf4 h6 13. g4 a6 14. Qd2 h5 15. g5 Nh7 16. h4 Nf8 17. Rad1 Rb8 18. Bg3 b5 19. cxb5 axb5 20. b4 Nce6 21. Nxe6 Bxe6 22. Nd5 Nd7 23. Rc1 Rc8 24. Bf1 c6 25. Bxd6 Ne5 26. Bxe5 Bxe5 27. Rxc6 Rxc6 28. Bxb5 Bc3 29. Qe3 Bxd5 30. Bxc6 Bxc6 31. Qxc3 Rxe4 32. Rxe4 Bxe4 33. Qe3 Bc6 0-1